 Dungeon Crawl Stone Soup version 0.32-a0-913-g739538afd8 (webtiles) character file.

Game seed: 18383592223194340089

264695 Autsider the Metallomancer (level 20, -3/127 HPs)
             Began as a Gargoyle Earth Elementalist on Apr 9, 2024.
             Was the Champion of Sif Muna.
             Incinerated by a smoke demon (15 damage)
             ... with a pyre arrow
             ... on level 3 of the Abyss.
             The game lasted 03:08:27 (53679 turns).

Autsider the Metallomancer (GrEE)                  Turns: 53679, Time: 03:08:27

Health: -3/127     AC: 43    Str: 14    XL:     20   Next: 5%
Magic:  25/38      EV:  9    Int: 23    God:    Sif Muna [******]
Gold:   3227       SH:  7    Dex: 10    Spells: 11/47 levels left

rFire   . . .        X - staff of cold
rCold   + + +        F - +3 buckler
rNeg    + . .        H - +0 ice dragon scales
rPois   ∞            Q - +2 helmet
rElec   +            M - +2 cloak {rF+}
rCorr   .            k - +2 pair of gloves {Stlth+}
SInv    +            a - +1 pair of boots of Rihikacw {rElec}
Will    +....        e - amulet of regeneration
Stlth   +            y - +4 ring of protection
HPRegen 1.21/turn    N - ring of see invisible
MPRegen 0.26/turn

%: no passive effects
@: on fire, flying, slowed, glowing, studying 2 skills, very slow
A: sickness immunity, AC +15, big wings, negative energy resistance 1,
electricity resistance, torment resistance 1, petrification resistance
}: 2/15 runes: barnacled, gossamer
a: Renounce Religion, Channel Magic, Forget Spell, Divine Exegesis


You were on level 3 of the Abyss.
You worshipped Sif Muna.
Sif Muna was exalted by your worship.
You visited 7 branches of the dungeon, and saw 32 of its levels.
You visited the Abyss 1 time.
You also visited: Trove, Bailey and Volcano.

You collected 4373 gold pieces.
You spent 1146 gold pieces at shops.

Inventory:

Hand Weapons
 w - a +2 demon trident of electrocution
Armour
 a - the +1 pair of boots of Rihikacw (worn) {rElec}
   (You found it in a treasure trove)

   rElec:     It insulates you from electricity.
 k - a +2 pair of gloves of stealth (worn)
 o - a scarf of repulsion
 F - a +3 buckler (worn)
 H - +0 ice dragon scales (worn)
 M - a +2 cloak of fire resistance (worn)
 Q - a +2 helmet (worn)
Magical Staves
 X - a staff of cold (weapon)
Jewellery
 d - a +6 ring of dexterity
 e - an amulet of regeneration (around neck)
 h - a ring of positive energy
 l - a ring of protection from fire
 u - a ring of resist corrosion
 y - a +4 ring of protection (left hand)
 G - a ring of willpower
 N - a ring of see invisible (right hand)
 Z - the ring of Xoodisyts {Fire ^Contam rN+ Str+9 Slay-6}
   (You found it on level 12 of the Dungeon)

   [ring of fire]

   Fire:      It enhances your fire magic.
   Str+9:     It affects your strength (+9).
   Slay-6:    It affects your accuracy & damage with ranged weapons and melee
   (-6).
   rF+:       It protects you from fire.
   rC-:       It makes you vulnerable to cold.
   rN+:       It protects you from negative energy.
   ^Contam:   It causes magical contamination when unequipped.
Wands
 f - a wand of quicksilver (9)
 q - a wand of digging (22)
 t - a wand of polymorph (15)
 A - a wand of roots (9)
 B - a wand of mindburst (18)
 O - a wand of charming (16)
Scrolls
 c - 5 scrolls of blinking
 g - 3 scrolls of amnesia
 m - 6 scrolls of poison
 n - 3 scrolls of vulnerability
 z - 2 scrolls of immolation
 C - 3 scrolls of teleportation {@r2}
 L - 2 scrolls of enchant weapon
 T - a scroll of fog
 U - 2 scrolls of fear
Potions
 b - 2 potions of magic
 i - 3 potions of cancellation
 j - 5 potions of brilliance
 p - 6 potions of ambrosia
 s - 4 potions of invisibility
 x - 6 potions of haste
 I - 4 potions of resistance
 J - 6 potions of heal wounds {@q2}
 P - 5 potions of curing {@q1}
 R - 2 potions of lignification
 W - 6 potions of might
Miscellaneous
 r - a box of beasts
 v - a condenser vane
 E - a phantom mirror
 K - a lightning rod (4/4)
 Y - a Gell's gravitambourine (2/2)


   Skills:
 + Level 14.2 Fighting
 - Level 4.0 Staves
 - Level 8.0 Armour
 - Level 6.0 Dodging
 - Level 4.0 Stealth
 - Level 4.0 Shields
 - Level 14.0 Spellcasting
 + Level 9.6 Conjurations
 + Level 5.9 Summonings
 - Level 4.0 Necromancy
 - Level 4.0 Translocations
 - Level 14.0 Ice Magic
 - Level 4.0 Air Magic
 + Level 23.1 Earth Magic
 - Level 10.0 Invocations
 - Level 5.0 Evocations


You had 11 spell levels left.
You knew the following spells:

 Your Spells              Type           Power      Damage    Failure   Level
a - Sandblast             Erth           100%       2d20      0%          1
b - Stone Arrow           Conj/Erth      100%       3d13      1%          3
c - Bombard               Conj/Erth      37%        9d6       4%          6
d - Borgnjor's Vile Clut  Necr/Erth      34%        N/A       2%          5
e - Leda's Liquefaction   Alch/Erth      31%        N/A       1%          4
f - Lee's Rapid Deconstr  Erth           44%        3d21*     1%          5
w - Permafrost Eruption   Ice/Erth       50%        2x4d11    1%          6
z - Blink                 Tloc           68%        N/A       6%          2
A - Animate Armour        Summ/Erth      100%       N/A       1%          4

Your spell library contained the following spells:

 Spells                   Type           Power      Damage    Failure   Level
 Passwall                 Erth           89%        N/A       0%          3
 Kiss of Death            Conj/Necr      100%       2d13      1%          1
 Magic Dart               Conj           100%       1d8       1%          1
 Shock                    Conj/Air       100%       1d9       1%          1
 Summon Small Mammal      Summ           100%       N/A       1%          1
 Ensorcelled Hibernation  Hex/Ice        100%       N/A       1%          2
 Momentum Strike          Conj/Tloc      94%        3d10      1%          2
 Searing Ray              Conj           100%       2d8       1%          2
 Frozen Ramparts          Ice            100%       1d16      1%          3
 Hailstorm                Conj/Ice       81%        3d14      1%          3
 Ozocubu's Armour         Ice            88%        N/A       1%          3
 Summon Ice Beast         Ice/Summ       75%        N/A       1%          3
 Brom's Barrelling Bould  Conj/Erth      74%        2d9       1%          4
 Petrify                  Alch/Erth      62%        N/A       1%          4
 Foxfire                  Conj/Fire      100%       2x1d9     3%          1
 Call Imp                 Summ           86%        N/A       3%          2
 Apportation              Tloc           68%        N/A       4%          1
 Necrotise                Necr           100%       1d9       4%          1
 Lesser Beckoning         Tloc           68%        N/A       6%          2
 Call Canine Familiar     Summ           43%        N/A       6%          3
 Iskenderun's Battlesphe  Conj           57%        2d11      12%         5
 Maxwell's Portable Pile  Tloc           34%        2d(8-23)  13%         3
 Swiftness                Air            34%        N/A       13%         3
 Vampiric Draining        Necr           34%        2d8       13%         3
 Iskenderun's Mystic Bla  Conj/Tloc      47%        2d10      (+2d514%    4
 Freezing Cloud           Conj/Ice/Air   36%        6-21      14%         5
 Flame Wave               Conj/Fire      38%        2d10      30%         4
 Fulminant Prism          Conj/Alch      19%        3d10      30%         4
 Jinxbite                 Hex            32%        N/A       32%         2
 Scorch                   Fire           32%        2d6       32%         2
 Metabolic Englaciation   Hex/Ice        32%        N/A       34%         5
 Arcjolt                  Conj/Air       23%        1d33      36%         5
 Animate Dead             Necr           34%        N/A       38%         4
 Passage of Golubria      Tloc           34%        N/A       38%         4
 Vhi's Electric Charge    Tloc/Air       68%        N/A       38%         4
 Ozocubu's Refrigeration  Ice            44%        4d17      52%         7
 Inner Flame              Hex/Fire       16%        N/A       54%         3
 Sigil of Binding         Hex            16%        N/A       54%         3
 Summon Blazeheart Golem  Fire/Summ      29%        N/A       54%         4
 Summon Forest            Summ/Tloc      19%        N/A       63%         5
 Fireball                 Conj/Fire      19%        3d9       65%         5
 Irradiate                Conj/Alch      19%        3d18      65%         5
 Curse of Agony           Necr           34%        N/A       75%         5
 Shatter                  Erth           44%        3d34*     86%         9
 Lehudib's Crystal Spear  Conj/Erth      37%        10d9      87%         8
 Summon Mana Viper        Hex/Summ       29%        N/A       88%         5
 Sculpt Simulacrum        Ice/Alch       32%        N/A       88%         6
 Cause Fear               Hex            8%         N/A       91%         4
 Olgreb's Toxic Radiance  Alch           16%        N/A       91%         4
 Silence                  Hex/Air        12%        N/A       95%         5
 Summon Cactus Giant      Summ           21%        N/A       96%         6
 Orb of Destruction       Conj           28%        9d9       98%         7
 Alistair's Intoxication  Alch           10%        N/A       99%         5
 Yara's Violent Unravell  Hex/Alch       8%         3d5       99%         5
 Death Channel            Necr           17%        N/A       100%        6
 Gell's Gavotte           Tloc           17%        2d(19-28) 100%        6
 Manifold Assault         Tloc           17%        N/A       100%        7
 Discord                  Hex            8%         N/A       100%        8
 Chain Lightning          Conj/Air       23%        3d31      100%        9
 Dragon's Call            Summ           21%        N/A       100%        9
 Fire Storm               Conj/Fire      19%        8d5       100%        9
 Sublimation of Blood     Necr           Unusable   N/A       N/A         2

Dungeon Overview and Level Annotations

Branches:
Dungeon (15/15) Temple (1/1) D:4 Lair (5/5) D:8 Shoals (4/4) Lair:2 Spider (4/4) Lair:2 Slime (0/5) Lair:5 Orc (2/2) D:9 Elf (1/3) Orc:2 Vaults (0/5) D:12 D:13 Depths (0/4) D:15 Bailey (visited) Volcano (visited)

Altars:
Ashenzari
Cheibriados
Dithmenos
Elyvilon
Fedhas
Gozag
Hepliaklqana
Kikubaaqudgha
Makhleb
Nemelex Xobeh
Okawaru
Qazlal
Ru
Sif Muna
Trog
Uskayaw
Vehumet
Wu Jian
Xom
Yredelemnul
Zin
The Shining One
Beogh

Shops:
D:8 ?   Orc:2 !:[*   Elf:1 (

Annotations:
D:4 Edmund
D:6 exclusion: two-headed ogre
D:7 exclusion: downstairs
D:13 3 runed translucent doors, exclusion: downstairs
D:15 2 runed translucent doors, Lanoc's ghost, journeyman CoCK
Lair:4 exclusion: downstairs


Innate Abilities, Weirdness & Mutations

You are immune to sickness and miasma.
Your stone body is resilient. (AC +15)
You are immune to poison.
Your large and strong wings let you fly.
You resist negative energy. (rN+)
You are resistant to electric shocks. (rElec)
You are resistant to unholy torment.
You are immune to petrification.


Message History

* * * LOW HITPOINT WARNING * * *
You block the smoke demon's attack.
The smoke demon hits you but does no damage.
You block the smoke demon's attack.
The small abomination hits your animated ice dragon scales.
The weeping skull unleashes gushing sobs.
The wave of grief passes through you. You partially resist.
The small abomination hits your animated ice dragon scales.
The smoke demon attacks as it pursues you!
The smoke demon closely misses you.
The smoke demon hits you but does no damage.
The smoke demon hits you.
* * * LOW HITPOINT WARNING * * *
Your animated ice dragon scales hits the small abomination.
Your animated ice dragon scales hits the small abomination!
Casting: Animate Armour (mildly dangerous; 1% risk of failure)
Confirm with . or Enter, or press ? or * to list all spells.
Your animated ice dragon scales disappears in a puff of smoke!
The smoke demon gestures at you. The pyre arrow hits you.
You are covered in intense liquid fire!
The reaper hits you but does no damage. The smoke demon gestures at you.
Something smites you!
* * * LOW HITPOINT WARNING * * *
The small abomination hits your animated ice dragon scales.
Casting: Animate Armour (mildly dangerous; 1% risk of failure)
Confirm with . or Enter, or press ? or * to list all spells.
The liquid fire burns you!
* * * LOW HITPOINT WARNING * * *
Your animated ice dragon scales disappears in a puff of smoke!
The reaper hits you from afar with a +1 scythe of flaming.
* * * LOW HITPOINT WARNING * * *
The reaper burns you.
* * * LOW HITPOINT WARNING * * *
The smoke demon hits you but does no damage. x2
You block the smoke demon's attack. The reaper misses you.
You shake off some of the fire as you move.
The liquid fire burns you!
You die...

~~~~~≈~~##°##
..... .
~≈~~~~...#.#....
. #. #~~##..#.##
.# .# #
#~..#°..#...#. .
. #~.
.°.#..####.. .
##..2x°##.#
...#..
##.##3.##..##..D
. .
#.##..###..##..
.##. .#.@[#..#
...# # ..
##.##..#. . # ##
.#. ##.. ## . #
#. .. .#. .#..
.# #..... . ..
.. .# #... . .#
.# .. ..... ...
. . #.# . .


You could see a reaper, a smoke demon (ally target), a small abomination and a
friendly animated ice dragon scales (summoned).

Vanquished Creatures
  Jorgrun (Orc:1)
  2 krakens (Shoals:1)
  A tengu reaver (D:13)
  Donald (Shoals:3)
  A ghost moth (Spider:2)
  An emperor scorpion (Spider:2)
  3 broodmothers (Spider:4)
  2 dire elephants (Lair:5)
  A spark wasp (Spider:4)
  A deep elf death mage (Elf:1)
  2 ettins
  9 merfolk impalers
  A fire dragon (D:15)
  4 entropy weavers
  Snorg (Orc:1)
  2 merfolk javelineers
  Josephine (D:14)
  Erolcha (Orc:2)
  The ghost of Autsider the Earth Mage, a journeyman GrEE of Vehumet (D:12)
  10 hydras
  An ice dragon (D:15)
  A jorogumo (Spider:2)
  The ghost of Autsider the Grappler, a novice TrFi (D:9)
  2 ogre magi
  11 centaur warriors
  4 radroaches
  5 boulder beetles
  3 satyrs
  9 two-headed ogres
  2 merfolk avatars
  A dancing weapon (D:13)
  A death knight (D:14)
  9 merfolk aquamancers
  6 death yaks
  3 orc high priests (Orc:2)
  2 tengu warriors
  Urug (D:12)
  5 demonic crawlers
  Sonja (Orc:1)
  A spectral dire elephant (Lair:5)
  10 skeletal warriors
  6 spectral death yaks (Lair:5)
  A spectral anaconda (Lair:5)
  4 pharaoh ants
  5 orb spiders
  A sun moth (Spider:3)
  6 skysharks
  A large abomination (Elf:1)
  6 sea snakes
  A deep elf archer (Elf:1)
  4 arcanists
  5 orc knights
  3 deep elf zephyrmancers (Elf:1)
  An obsidian statue (Lair:5)
  5 necromancers
  16 wolf spiders
  5 steelbarb worms
  7 deep elf pyromancers
  8 harpies
  13 ugly things
  3 orc sorcerers (Orc:2)
  8 cyclopes
  12 manticores
  A moth of wrath (Spider:2)
  3 salamanders (Volcano)
  5 black mambas
  44 elephants
  14 fauns
  10 merfolk sirens
  5 meliai
  3 molten gargoyles (Volcano)
  5 torpor snails
  2 kobold blastminers
  5 water nymphs
  8 cane toads
  3 gargoyles
  4 rime drakes
  A kobold demonologist (D:12)
  9 komodo dragons
  2 unseen horrors
  A yaktaur (D:13)
  2 efreet (D:13)
  2 tengu conjurers
  An ancient zyme (Abyss:3)
  19 merfolk
  4 trolls
  6 polar bears
  15 wind drakes
  26 jumping spiders
  4 hornets
  23 tarantellas
  4 blink frogs (Lair:4)
  A spectral elephant (Lair:5)
  3 snapping turtles
  15 dream sheep
  24 culicivoras
  2 shadows
  A vampire (D:12)
  6 air elementals
  3 centaur simulacra
  9 wraiths
  4 slime creatures
  4 wyverns
  24 water elementals
  A fire elemental (D:13)
  A steam dragon (D:7)
  5 basilisks
  52 redbacks
  37 yaks
  16 humans
  A warg (shapeshifter) (D:15)
  A warg (Orc:1)
  8 vampire mosquitoes
  Menkaure (D:3)
  3 acid dragons
  22 water moccasins
  3 black bears
  3 elephant zombies (Lair:5)
  23 orc warriors
  2 sky beasts (D:6)
  14 centaurs
  3 boggarts (D:11)
  5 laughing skulls (D:13)
  8 ogres
  2 elephant skeletons (Lair:5)
  3 phantoms
  2 kobold brigands
  11 bullfrogs
  A cane toad simulacrum (Lair:5)
  5 scorpions
  4 wights
  4 elephant simulacra (Lair:5)
  5 killer bees (D:9)
  5 howler monkeys
  2 electric eels (Lair:3)
  A lava snake (D:13)
  17 orc priests
  5 jellies
  4 hounds
  3 iguanas
  23 orc wizards
  9 hell rats
  An ogre zombie (D:7)
  A hound zombie (D:3)
  A hound skeleton (D:3)
  12 gnolls
  An orc zombie (D:7)
  6 adders
  A shadow imp (D:6)
  2 white imps
  2 dart slugs
  2 ribbon worms
  67 orcs
  6 endoplasms
  4 giant cockroaches
  19 goblins
  18 hobgoblins
  3 jackals (D:4)
  6 quokkas
  6 ball pythons
  12 bats
  2 frilled lizards
  9 kobolds
  5 rats
  A tentacle (Shoals:1)
1075 creatures vanquished.

Vanquished Creatures (collateral kills)
  A bone dragon (Abyss:3)
  Rupert (Orc:2)
  A storm dragon (Shoals:4)
  2 ghost moths
  3 emperor scorpions (Spider:4)
  3 broodmothers
  A spark wasp (Spider:2)
  3 merfolk impalers (Shoals:4)
  A jorogumo (Spider:4)
  A radroach (Spider:1)
  3 merfolk aquamancers
  A satyr (Shoals:4)
  A two-headed ogre (D:10)
  A boulder beetle (D:12)
  2 demonic crawlers
  Nergalle (D:10)
  3 sea snakes
  6 pharaoh ants
  2 skysharks (Shoals:1)
  A sun moth (Spider:3)
  3 large abominations (Elf:1)
  A phantasmal warrior (D:13)
  3 steelbarb worms (Spider:3)
  2 necromancers (Elf:1)
  8 wolf spiders
  A faun (Shoals:1)
  A cyclops (Volcano)
  A manticore (Shoals:1)
  A salamander (Volcano)
  A meliai (Spider:2)
  An elephant (Lair:1)
  A molten gargoyle (D:13)
  2 torpor snails (Spider:4)
  An apocalypse crab (Abyss:3)
  A rime drake (D:12)
  A wolf spider simulacrum (D:12)
  5 merfolk
  3 tarantellas
  A wind drake (Shoals:4)
  3 jumping spiders (Spider:2)
  3 centaur simulacra (D:12)
  An air elemental (Shoals:4)
  4 culicivoras
  3 water elementals (Shoals:4)
  5 yaks (D:10)
  A neqoxec (Abyss:3)
  22 redbacks
  2 vampire mosquitoes (D:12)
  A chaos spawn (Abyss:3)
  An acid dragon (D:10)
  2 kobold brigands (D:10)
  A weeping skull (Abyss:3)
  A gnoll sergeant (D:10)
  A killer bee (D:9)
  An orc wizard (D:12)
  A nameless horror (Spider:2)
129 creatures vanquished.

Vanquished Creatures (others)
  A large abomination (Elf:1)
  A jumping spider (Spider:1)
  18 tentacles (Shoals:1)
20 creatures vanquished.

Grand Total: 1224 creatures vanquished

Notes
Turn   | Place    | Note
-------+----------+-------------------------------------------
     0 | D:1      | Autsider the Gargoyle Earth Elementalist began the quest
                  | for the Orb.
     0 | D:1      | Reached XP level 1. HP: 10/10 MP: 3/3
   264 | D:1      | Reached skill level 4 in Earth Magic
   265 | D:1      | Reached XP level 2. HP: 15/15 MP: 0/5
  1110 | D:2      | Reached XP level 3. HP: 14/19 MP: 4/6
  1401 | D:2      | Reached skill level 5 in Earth Magic
  1418 | D:2      | Reached XP level 4. HP: 24/24 MP: 2/7
  1516 | D:2      | Reached XP level 5. HP: 14/28 MP: 4/8
  1529 | D:2      | Reached skill level 6 in Earth Magic
  2530 | D:3      | Found a transporter.
  2530 | D:3      | Found a basalt altar of Yredelemnul.
  2533 | D:3      | Found a transporter.
  2535 | D:3      | Noticed Menkaure
  2541 | D:3      | Found an ancient bone altar of Kikubaaqudgha.
  2544 | D:3      | Noticed a phantom
  2937 | D:3      | You fall into a shaft and drop 1 floor!
  2942 | D:4      | Found a sparkling altar of Nemelex Xobeh.
  3118 | D:4      | Reached skill level 7 in Earth Magic
  3149 | D:4      | Noticed Edmund
  3401 | D:4      | Found a staircase to the Ecumenical Temple.
  3412 | Temple   | Entered the Ecumenical Temple
  3434 | Temple   | Became a worshipper of Sif Muna the Loreminder
  3469 | D:4      | Reached XP level 6. HP: 29/32 MP: 5/9
  3533 | D:4      | Found a hazy altar of Hepliaklqana.
  3537 | D:4      | Found a faded altar of an unknown god.
  3987 | D:5      | Entered Level 5 of the Dungeon
  4017 | D:5      | Reached skill level 8 in Earth Magic
  4105 | D:5      | Noticed a black bear
  4110 | D:5      | Killed a black bear
  4111 | D:5      | Reached skill level 9 in Earth Magic
  4111 | D:5      | Reached XP level 7. HP: 36/36 MP: 5/10
  4440 | D:5      | Reached skill level 10 in Earth Magic
  4747 | D:6      | Reached XP level 8. HP: 41/41 MP: 7/11
  4751 | D:6      | Learned a level 3 spell: Stone Arrow
  4756 | D:6      | Learned a level 4 spell: Brom's Barrelling Boulder
  4815 | D:6      | Found a shimmering altar of Xom.
  4815 | D:6      | Noticed a two-headed ogre
  4900 | D:6      | Reached * piety under Sif Muna
  4901 | D:6      | Reached skill level 1 in Fighting
  4996 | D:6      | Reached skill level 11 in Earth Magic
  5128 | D:6      | Noticed a wraith
  5142 | D:6      | Killed a wraith
  5312 | D:6      | Found a stormy altar of Qazlal.
  5656 | D:6      | Learned a level 4 spell: Animate Armour
  5665 | D:7      | Reached XP level 9. HP: 45/49 MP: 6/13
  5858 | D:7      | Found a flagged portal.
  5888 | Bailey   | Entered a bailey
  5920 | Bailey   | Reached ** piety under Sif Muna
  6056 | Bailey   | Reached skill level 12 in Earth Magic
  6148 | Bailey   | Noticed an orc knight
  6409 | D:7      | Found a transporter.
  6436 | D:7      | Learned a level 2 spell: Blink
  6565 | D:7      | Found a transporter.
  6608 | D:7      | Found a broken altar of Ashenzari.
  6813 | D:8      | Noticed an elephant
  6813 | D:8      | Noticed an elephant
  6829 | D:7      | Killed an elephant
  6830 | D:7      | Reached skill level 1 in Translocations
  7020 | D:8      | Killed an elephant
  7187 | D:8      | Noticed a hornet
  7190 | D:8      | Killed a hornet
  7320 | D:8      | Reached XP level 10. HP: 58/58 MP: 14/16
  7324 | D:8      | Reached skill level 13 in Earth Magic
  7465 | D:8      | Found Noanih's Magic Scroll Shoppe.
  7475 | D:8      | Bought a scroll of noise for 13 gold pieces
  7475 | D:8      | Bought a scroll of identify for 26 gold pieces
  7475 | D:8      | Bought a scroll of identify for 26 gold pieces
  7475 | D:8      | Bought a scroll of identify for 26 gold pieces
  7478 | D:8      | Reached skill level 5 in Armour
  7478 | D:8      | Reached skill level 5 in Ice Magic
  7478 | D:8      | Reached XP level 11. HP: 67/67 MP: 16/20
  7653 | D:8      | Found a staircase to the Lair.
  7724 | D:8      | Noticed a skeletal warrior
  7733 | D:8      | Killed a skeletal warrior
  7838 | D:8      | Reached *** piety under Sif Muna
  8028 | D:8      | Noticed a cyclops
  8032 | D:8      | Killed a cyclops
  8665 | D:9      | Found a runed translucent gate.
  8666 | D:9      | Found a runed translucent gate.
  8671 | D:9      | Noticed Autsider's ghost (novice TrFi)
  8872 | D:9      | Found an opulent altar of Gozag.
  8933 | D:9      | Found an iron altar of Okawaru.
  8960 | D:9      | Noticed a two-headed ogre
  8967 | D:9      | Killed a two-headed ogre
  9186 | D:9      | Found a runed translucent gate.
  9290 | D:9      | Found a staircase to the Orcish Mines.
  9702 | D:10     | Entered Level 10 of the Dungeon
  9707 | D:10     | Found a portal to a secret trove of treasure.
  9722 | Trove    | Entered a treasure trove
  9727 | Trove    | Found the Hermit's Pendant {Faith Invo=14 Evo=0 MP+5}
  9729 | Trove    | Identified the +1 pair of boots of Rihikacw {rElec}
  9808 | D:10     | Noticed Nergalle
  9828 | D:10     | Killed Nergalle
  9829 | D:10     | Reached skill level 14 in Earth Magic
  9829 | D:10     | Reached skill level 1 in Invocations
 10109 | D:10     | Noticed a two-headed ogre
 10117 | D:10     | Killed a two-headed ogre
 10195 | D:10     | Reached XP level 12. HP: 74/74 MP: 14/21
 10195 | D:10     | Noticed a centaur warrior
 10198 | D:10     | Reached skill level 5 in Dodging
 10206 | D:10     | Killed a centaur warrior
 10946 | D:10     | Noticed a two-headed ogre
 10958 | D:10     | Killed a two-headed ogre
 11195 | D:11     | Noticed a two-headed ogre
 11372 | D:11     | Noticed a two-headed ogre
 11381 | D:11     | Killed a two-headed ogre
 11481 | D:11     | Found a sacrificial altar of Ru.
 11648 | D:11     | Reached skill level 15 in Earth Magic
 12122 | D:12     | Noticed Autsider's ghost (journeyman GrEE)
 12148 | D:12     | Found a runed translucent gate.
 12148 | D:12     | Found a runed translucent gate.
 12148 | D:12     | Found a runed translucent gate.
 12477 | D:12     | Noticed a boulder beetle
 12485 | D:12     | Killed a boulder beetle
 13028 | D:12     | Killed Autsider's ghost
 13223 | D:12     | Got the ring of Xoodisyts {Fire ^Contam rN+ Str+9 Slay-6}
 13241 | D:12     | Reached XP level 13. HP: 80/80 MP: 16/22
 13451 | D:3      | Killed Menkaure
 13465 | D:3      | Identified the +2 spear "Eqejouts" {flame, rElec}
 13490 | D:3      | Identified a scroll of acquirement
 13666 | D:9      | Acquired a manual of Ice Magic
 13816 | D:9      | Killed Autsider's ghost
 13820 | D:9      | Reached skill level 5 in Invocations
 14073 | Lair:1   | Entered Level 1 of the Lair of Beasts
 14188 | D:8      | Reached skill level 5 in Conjurations
 14455 | Lair:1   | Found a dark tunnel.
 14474 | Volcano  | Entered a volcano
 15129 | Volcano  | Learned a level 6 spell: Permafrost Eruption
 15198 | Volcano  | Reached skill level 10 in Fighting
 15337 | Volcano  | Noticed an orb of fire
 15339 | Volcano  | Noticed an orb of fire
 15684 | Lair:1   | Reached skill level 16 in Earth Magic
 16196 | Lair:2   | Identified the +6 rapier of Grontol {elec, Str+5}
 16598 | Lair:2   | Found a hole to the Spider Nest.
 16729 | Lair:2   | Found a staircase to the Shoals.
 17388 | Lair:3   | Reached skill level 10 in Ice Magic
 17389 | Lair:3   | Gained mutation: Your large and strong wings let you fly.
                  | [Gargoyle growth]
 17389 | Lair:3   | Reached XP level 14. HP: 73/88 MP: 19/25
 18508 | Lair:4   | Reached **** piety under Sif Muna
 18881 | Lair:4   | Reached skill level 17 in Earth Magic
 20056 | Lair:5   | Entered Level 5 of the Lair of Beasts
 20953 | Lair:4   | Reached skill level 10 in Invocations
 21038 | Lair:4   | Reached ***** piety under Sif Muna
 21043 | Lair:4   | Reached XP level 15. HP: 57/92 MP: 2/27
 21060 | Lair:4   | Reached skill level 18 in Earth Magic
 21772 | Lair:5   | Received a gift from Sif Muna
 21810 | Lair:5   | Got Ysyutump's Incunabulum of Power {god gift}
 22944 | Lair:5   | Found a staircase to the Slime Pits.
 23390 | Lair:5   | Reached skill level 10 in Spellcasting
 23666 | Lair:5   | Identified the +4 ring mail of Vehumet's Regard {Str+4}
 23972 | Lair:5   | Reached skill level 19 in Earth Magic
 24900 | D:13     | Noticed Urug
 24900 | D:13     | Found a gate to the Vaults.
 25645 | D:12     | Killed Urug
 26622 | D:13     | Found a runed translucent gate.
 26622 | D:13     | Found a runed translucent gate.
 26622 | D:13     | Found a runed translucent gate.
 26625 | D:13     | Noticed a tengu reaver
 26633 | D:13     | Received a gift from Sif Muna
 26634 | D:13     | Reached XP level 16. HP: 97/97 MP: 24/31
 26639 | D:13     | HP: 1/95 [+0 heavy war axe (5)]
 26643 | D:13     | Found a runed translucent gate.
 26643 | D:13     | Found a runed translucent gate.
 26643 | D:13     | Found a runed translucent gate.
 26667 | D:13     | Reached skill level 20 in Earth Magic
 27809 | D:13     | Killed a tengu reaver
 27827 | D:13     | Learned a level 4 spell: Leda's Liquefaction
 27906 | D:13     | Got Uruw Jag's Guidebook on the Fulgent Undead {god gift}
 28123 | D:14     | Noticed Josephine
 28141 | D:14     | Killed Josephine
 28295 | D:14     | Reached skill level 1 in Shields
 28314 | D:14     | Reached skill level 1 in Evocations
 30308 | D:14     | Found a shimmering blue altar of Sif Muna.
 30349 | D:15     | Entered Level 15 of the Dungeon
 31793 | D:15     | Found a staircase to the Depths.
 31875 | D:15     | Received a gift from Sif Muna
 31876 | D:15     | Got Sif Muna's Second Course in Magic {god gift}
 32019 | D:15     | Learned a level 5 spell: Lee's Rapid Deconstruction
 32146 | D:15     | Found a runed translucent door.
 32158 | D:15     | Found a runed translucent door.
 32158 | D:15     | Noticed Lanoc's ghost (journeyman CoCK)
 32171 | D:15     | Noticed a lich
 32550 | Orc:1    | Entered Level 1 of the Orcish Mines
 33034 | Orc:2    | Entered Level 2 of the Orcish Mines
 33038 | Orc:2    | Noticed Rupert
 33044 | Orc:2    | Paralysed by Rupert for 5 turns
 33054 | Orc:2    | Killed Rupert
 33055 | Orc:2    | Reached XP level 17. HP: 19/102 MP: 14/33
 33198 | Orc:2    | Noticed Erolcha
 33200 | Orc:2    | Killed Erolcha
 33413 | Orc:1    | Noticed Sonja
 33414 | Orc:1    | Killed Sonja
 33417 | Orc:1    | Noticed Snorg
 33419 | Orc:1    | Killed Snorg
 33420 | Orc:1    | Reached skill level 21 in Earth Magic
 33596 | Orc:2    | Found a staircase to the Elven Halls.
 33844 | Orc:2    | Found a roughly hewn altar of Beogh.
 34309 | Orc:2    | Found Enkieg's Assorted Antiques.
 34309 | Orc:2    | Found Nyejoclu's Distillery.
 34311 | Orc:2    | Found Ugyramub's Antique Armour Emporium.
 34311 | Orc:2    | Found Xoymi Unkouch's Book Boutique.
 34322 | Orc:2    | Bought a potion of heal wounds for 65 gold pieces
 34322 | Orc:2    | Bought 2 potions of resistance for 260 gold pieces
 34322 | Orc:2    | Bought a potion of resistance for 130 gold pieces
 34322 | Orc:2    | Bought 2 potions of haste for 260 gold pieces
 34322 | Orc:2    | Bought 2 potions of curing for 78 gold pieces
 34330 | Orc:2    | Bought a pair of glowing gloves for 262 gold pieces
 34710 | Orc:1    | Noticed Jorgrun
 34714 | Orc:1    | Killed Jorgrun
 35296 | Spider:1 | Entered Level 1 of the Spider Nest
 36853 | Spider:1 | Reached skill level 5 in Evocations
 36956 | Spider:2 | Received a gift from Sif Muna
 36957 | Spider:2 | Got Sif Muna's Elucidation of the Traveller {god gift}
 38472 | Spider:2 | Identified the +3 ring mail "Wicesh" {rPois Str-5 Dex+7}
 39032 | Spider:2 | Reached XP level 18. HP: 88/111 MP: 21/35
 40528 | Spider:3 | Reached skill level 22 in Earth Magic
 40560 | Spider:3 | Received a gift from Sif Muna
 40561 | Spider:3 | Got Sif Muna's Progressing With Occultism {god gift}
 40735 | Spider:3 | Learned a level 5 spell: Borgnjor's Vile Clutch
 40742 | Spider:3 | Learned a level 6 spell: Bombard
 41867 | Spider:4 | Entered Level 4 of the Spider Nest
 42055 | Spider:3 | Reached skill level 1 in Summonings
 42259 | Spider:3 | Reached skill level 1 in Necromancy
 45198 | Spider:4 | Got a gossamer rune of Zot
 45747 | Shoals:1 | Entered Level 1 of the Shoals
 45767 | Shoals:1 | Received a gift from Sif Muna
 45768 | Shoals:1 | Got Sif Muna's Book of the Valley and Destruction {god
                  | gift}
 46638 | Shoals:1 | Reached skill level 1 in Air Magic
 46649 | Shoals:1 | Reached XP level 19. HP: 91/119 MP: 21/37
 47533 | Shoals:2 | Reached skill level 1 in Staves
 49534 | Shoals:3 | Identified the +1 broad axe "Petotz" {holy, Str+2 Stlth+}
 49859 | Shoals:3 | Noticed Donald
 49864 | Shoals:3 | Killed Donald
 50330 | Shoals:4 | Entered Level 4 of the Shoals
 50330 | Shoals:4 | Found a stormy altar of Qazlal.
 50600 | Shoals:4 | Reached ****** piety under Sif Muna
 50614 | Shoals:4 | Paralysed by an air elemental for 1 turns
 50616 | Shoals:4 | Paralysed by an air elemental for 1 turns
 50620 | Shoals:4 | Paralysed by an air elemental for 1 turns
 50685 | Shoals:4 | Received a gift from Sif Muna
 50689 | Shoals:4 | Got Sif Muna's Guide on Tephra and Hexing {god gift}
 50835 | Shoals:4 | Identified the +0 plate armour of Idealism {Str+5}
 50864 | Shoals:4 | Reached skill level 5 in Summonings
 51260 | Shoals:4 | Got a barnacled rune of Zot
 51385 | Shoals:4 | Paralysed by an air elemental for 1 turns
 53142 | Elf:1    | Entered Level 1 of the Elven Halls
 53144 | Elf:1    | Reached skill level 23 in Earth Magic
 53270 | Elf:1    | Paralysed by an air elemental for 1 turns
 53349 | Elf:1    | Received a gift from Sif Muna
 53350 | Elf:1    | Reached XP level 20. HP: 109/127 MP: 5/38
 53352 | Elf:1    | Got Sif Muna's Second Course in Spellcasting {god gift}
 53490 | Elf:1    | Got Kiajipno's Exposition on Coffins
 53527 | Elf:1    | Found Marghel's Weapon Shoppe.
 53541 | Abyss:3  | Cast into level 3 of the Abyss (a deep elf sorcerer)
 53567 | Abyss:3  | Found a corrupted altar of Lugonu.
 53637 | Abyss:3  | Noticed a bone dragon
 53643 | Abyss:3  | Found a corrupted altar of Lugonu.
 53666 | Abyss:3  | Killed a bone dragon
 53679 | Abyss:3  | Incinerated by a smoke demon

Illustrated notes

Levels and vault maps discovered:
D:1:      noname_arrival_rooms_in_the_neighbourhood, layout_loops_corners
D:2:      layout_basic, kennysheep_nondescript
D:3:      kennysheep_six_static_rooms, layout_loops_corners,
          gammafunk_temple_of_torment, minmay_gold_behind_fungi
D:4:      layout_loops_corners, beargit_hepliaklqana_dungeon_heroes,
          lemuel_tele_altar, minmay_temple_entry_large_hall, uniq_edmund
D:5:      minmay_evil_eye, layout_gridville
D:6:      layout_basic, mainiacjoe_overflow_catwalk,
          mainiacjoe_overflow_six_doors_small, minmay_misc_feat_hallway,
          nicolae_kite_square_tiling_tiny
D:7:      gammafunk_cloud_chamber, layout_cave_pools, evilmike_ruin_ashenzari,
          enter_bailey_5, uniq_menkaure
D:8:      layout_layer_cave, grunt_lair_entry_orc_guard_hut, serial_shops,
          nicolae_shop_just_a_little_nook, hangedman_decor_points, kb_rosetta
D:9:      layout_gridville, grunt_gozag_breadcrumbs,
          mainiacjoe_overflow_tiny_flanked, david_orc_2, gammafunk_ghost_split
D:10:     layout_rooms, enter_trove_1, nzn_random_ring, uniq_nergalle
D:11:     layout_long_grid, nicolae_ru_sacrificial_ziggurat
D:12:     layout_rooms, gammafunk_ghost_icy
D:13:     kennysheep_treasure_stockpile, layout_rooms, david_vaults_3,
          minmay_the_grid_2x2 [minmay_the_grid_medium_cups,
          minmay_the_grid_broken_lines, minmay_the_grid_tiny_cups,
          minmay_the_grid_prize_big_room]
D:14:     layout_layer_cave, serial_library_hellmonk_statue_hall,
          nicolae_tricolors, uniq_josephine
D:15:     grunt_enter_depths_hoard, layout_cross, grunt_decor_resistance,
          muffindrake_ghost_dual_entry, st_stairs_11
Temple:   nicolae_temple_figure_eight
Lair:1:   layout_roguey, nicolae_volcano_entry_lava_flow, lemuel_fruit_tree,
          grunt_megastairs_3, serial_bayou_shore_b
Lair:2:   layout_big_grid, elwin_shoals_entry_rocks, spider_nest_entry_rubble,
          grunt_forest_small_clearing_treed
Lair:3:   layout_chaotic_city, infiniplex_staircase_pool_2, serial_bayou_shore_a
Lair:4:   layout_cellular_growth, gauntlet_entry_generic
Lair:5:   due_jungle_book, layout_misc_corridors,
          nicolae_slime_entry_field_trip, cheibrodos_lair_lostbears
Shoals:1: layout_shoals
Shoals:2: layout_shoals, nicolae_shoals_water_booths
Shoals:3: layout_shoals, nicolae_shoals_aquamancer_cove, uniq_donald
Shoals:4: shoals_end_hellmonk_storm_palace [storm_palace_center_square,
          storm_palace_corner_reverse_hut, storm_palace_corner_narrow,
          storm_palace_corner_grid, storm_palace_corner_altar]
Spider:1: layout_spider_delve
Spider:2: layout_spider_delve
Spider:3: layout_chambers, drop_trap
Spider:4: hellmonk_spider_rune_endless_swarm, guppyfry_hornet_nest
Orc:1:    layout_diamond_mine, nicolae_orc_crystal_seam,
          nicolae_orc_pool_cavern, uniq_jorgrun, uniq_sonja, uniq_snorg
Orc:2:    grunt_orc_tribal_feast, layout_caves, basic_altar, uniq_rupert,
          uniq_erolcha
Elf:1:    eino_elf_arrival_sip, layout_gridlike, serial_shops, shop,
          gammafunk_ghost_fury_of_okawaru, minmay_elf_necromancy,
          serial_library_hellmonk_recessed_alcove
Abyss:3:  base:
D:5

Skill      XL: |  1  2  3  4  5  6  7  8  9 10 11 12 13 14 15 16 17 18 19 |
---------------+----------------------------------------------------------+-----
Earth Magic    | 4 5 7 9 10 11 12 13 14 15 16 17 19 20 21 22 23 | 23.1
Conjurations   | 2 3 4 6 7 9 |  9.6
Fighting       | 2 4 7 8 9 10 11 13 14 | 14.2
Dodging        | 2 4 6 |  6.0
Spellcasting   | 3 4 6 7 8 11 12 13 14 | 14.0
Translocations | 2 4 |  4.0
Armour         | 5 8 |  8.0
Ice Magic      | 5 6 7 10 12 13 14 | 14.0
Stealth        | 4 |  4.0
Invocations    | 2 4 7 10 | 10.0
Shields        | 4 |  4.0
Evocations     | 3 5 |  5.0
Summonings     | 3 5 |  5.9
Necromancy     | 3 4 |  4.0
Air Magic      | 1 4 |  4.0
Staves         | 4 |  4.0

Action                     |  1- 3 |  4- 6 |  7- 9 | 10-12 | 13-15 | 16-18 | 19-21 || total
---------------------------+-------+-------+-------+-------+-------+-------+-------++-------
  Melee: Unarmed           |    12 |       |       |       |       |       |       ||    12
         Orcbow            |       |     3 |       |       |       |       |       ||     3
         Staff             |       |       |       |       |   257 |   249 |   168 ||   674
   Fire: Orcbow            |    26 |    78 |    71 |    93 |    19 |       |       ||   287
   Cast: Sandblast         |    37 |    61 |   124 |   191 |   541 |   339 |    16 ||  1309
         Stone Arrow       |       |       |    14 |    54 |   147 |   155 |     4 ||   374
         Animate Armour    |       |       |     1 |    24 |    20 |    60 |    26 ||   131
         Brom's Barrelling |       |       |     1 |       |       |       |       ||     1
         Permafrost Erupti |       |       |       |       |   107 |   245 |   159 ||   511
         Lee's Rapid Decon |       |       |       |       |       |    13 |       ||    13
         Borgnjor's Vile C |       |       |       |       |       |    64 |     5 ||    69
         Bombard           |       |       |       |       |       |    16 |       ||    16
         Leda's Liquefacti |       |       |       |       |       |     3 |     1 ||     4
 Invoke: Channel Magic     |       |       |       |       |       |     3 |     2 ||     5
  Evoke: Wand              |       |       |       |       |    11 |       |       ||    11
         Box of beasts     |       |       |       |       |       |     1 |       ||     1
    Use: Scroll            |       |     3 |     9 |     7 |    11 |    11 |     1 ||    42
         Potion            |       |     1 |       |     1 |     5 |     8 |     3 ||    18
   Stab: Distracted        |       |       |       |       |       |       |     1 ||     1
 Armour: Robe              |    40 |    32 |    34 |       |       |       |       ||   106
         Steam dragon scal |       |       |    50 |   216 |  1553 |   284 |       ||  2103
         Ice dragon scales |       |       |       |       |       |  1343 |   418 ||  1761
  Dodge: Dodged            |    44 |    25 |    56 |   150 |  1021 |   645 |   105 ||  2046
         Repelled          |       |       |       |    13 |     8 |       |       ||    21
  Block: Buckler           |       |       |       |       |       |   411 |   122 ||   533

Table legend: (Time is in decaauts)
 A = Elapsed time spent in this place.
 B = Non-inter-level travel time spent in this place.
 C = Inter-level travel time spent in this place.
 D = Time resting spent in this place.
 E = Time spent auto-exploring this place.
 F = Levels seen in this place.
 G = Mean time per level.
                   A        B        C        D        E       F      G
               +--------+--------+--------+--------+--------+-----+--------+
         Total |  54836 |  50921 |   3915 |  11486 |  29644 |  36 | 1523.2 |
       Dungeon |  22387 |  20750 |   1637 |   3732 |  13194 |  15 | 1492.5 |
        Temple |     34 |      1 |     33 |      0 |      0 |   1 |   34.0 |
          Lair |   9868 |   8872 |    996 |   1826 |   4963 |   5 | 1973.6 |
        Shoals |   7276 |   7124 |    152 |   1132 |   4995 |   4 | 1819.0 |
   Spider Nest |  10608 |   9818 |    790 |   3228 |   4906 |   4 | 2652.0 |
  Orcish Mines |   2583 |   2279 |    304 |    764 |   1213 |   2 | 1291.5 |
   Elven Halls |    399 |    399 |      0 |    192 |    135 |   1 |  399.0 |
         Abyss |    182 |    182 |      0 |     36 |      0 |   1 |  182.0 |
         Trove |     66 |     66 |      0 |      0 |      0 |   1 |   66.0 |
        Bailey |    334 |    334 |      0 |      0 |    202 |   1 |  334.0 |
       Volcano |   1093 |   1093 |      0 |    574 |     36 |   1 | 1093.0 |
               +--------+--------+--------+--------+--------+-----+--------+

Top non-repeatable levels by time:
Spider:1: 3299 daAuts
Spider:3: 3275 daAuts
  Lair:5: 3180 daAuts
  Lair:4: 3141 daAuts
    D:14: 2965 daAuts
    D:13: 2691 daAuts
Shoals:4: 2607 daAuts
    D:12: 2324 daAuts
Spider:4: 2313 daAuts
     D:8: 1960 daAuts
Shoals:1: 1914 daAuts
Spider:2: 1719 daAuts
     D:9: 1698 daAuts
   Orc:2: 1637 daAuts
Shoals:2: 1579 daAuts
